AoeStats
← chekoww

African Clearing

504304048Analyzed
2v2 RM · 27d ago on Sep 4, 2026· 36m 56s· 4 players
Game mode
Random Map
Map size
Medium (4 player)
Population
200
Speed
Normal
Resources
Standard
Victory
Conquest
Starting age
Dark Age
Ending age
Imperial Age
RankedLock teamsTeams togetherTeam positionsShared explorationLock speedFull tech treeHidden civsTurbo modeCheats
Victory
Defeat
🇹🇷 Sicilians · Türkiye
548
+19
🇬🇧 Franks · United Kingdom
503
+21
🇨🇿 Teutons · Czechia
643
-20
🇸🇪 Persians · Sweden
604
-20
Chrisjohn09
19:16 Feudal Age
20:26 Double-Bit Axe
26:43 Castle Age
35:29 Stone Mining
Omer burak3514
4:08 Loom
14:35 Feudal Age
17:19 Wheelbarrow
17:26 Wheelbarrow
17:42 Arson
18:38 Bloodlines
18:46 Town Watch
27:28 Castle Age
31:17 First Crusade
Frog 2nd
chekoww
3:55 Loom
13:49 Feudal Age
14:30 Double-Bit Axe
17:21 Stone Mining
20:06 Gold Mining
20:31 Bloodlines
20:23 Horse Collar
28:16 Castle Age
27:32 Forging
27:22 Scale Mail Armor
27:27 Scale Barding Armor
27:17 Arson
34:20 Ballistics
35:24 Stone Shaft Mining
Connection lost

Rejoining the realm…

Still unreachable

The connection could not be restored.

Session expired

The server has moved on; the page needs a fresh start.